 Dungeon Crawl Stone Soup version 0.30-a0-360-g447f08457e (webtiles) character file.

Game seed: 12162465351910976985

1313 DrillMeBaby the Thaumaturge (level 8, -9/41 HPs)
             Began as a Deep Elf Conjurer on Nov 13, 2022.
             Mangled by a wight
             ... wielding a +1 hand axe
              (12 damage)
             ... on level 6 of the Dungeon.
             The game lasted 00:14:00 (4933 turns).

DrillMeBaby the Thaumaturge (Deep Elf Conjurer)     Turns: 4933, Time: 00:14:01

Health: -9/41      AC:  2    Str: 10    XL:     8   Next: 32%
Magic:  3/23       EV: 14    Int: 26    God:
Gold:   358        SH:  0    Dex: 13    Spells: 18/25 levels left

rFire   . . .      SeeInvis .    a - +0 falchion (protect)
rCold   . . .      Faith    .    (no shield)
rNeg    . . .      Spirit   .    j - +0 robe {Archmagi}
rPois   .          Reflect  .    (no helmet)
rElec   .          Harm     .    (no cloak)
rCorr   .          Rampage  .    (no gloves)
Will    .....      Archmagi +    (no boots)
Stlth   ++........               (no amulet)
HPRegen 0.26/turn                i - ring of flight
MPRegen 0.18/turn                z - +6 ring of strength

@: flying
A: no striking features
a: no special abilities


You were on level 6 of the Dungeon.
You visited 1 branch of the dungeon, and saw 6 of its levels.

You collected 358 gold pieces.

Inventory:

Hand Weapons
 a - a +0 falchion of protection (weapon)
 e - a +0 dagger
Missiles
 A - a throwing net
Armour
 j - a +0 robe of the Archmagi (worn)
Jewellery
 i - a ring of flight (left hand)
 z - a +6 ring of strength (right hand)
Wands
 p - a wand of digging (8)
 u - a wand of mindburst (8)
 y - a wand of flame (25)
Scrolls
 d - 2 scrolls of identify
 f - 2 scrolls of magic mapping {unknown}
 g - a scroll of amnesia {unknown}
 h - a scroll of immolation {unknown}
 k - 4 scrolls of teleportation {unknown}
 l - a scroll of vulnerability {unknown}
 n - 4 scrolls of blinking {unknown}
 s - a scroll of torment {unknown}
 v - 2 scrolls of fear {unknown}
 x - a scroll of brand weapon {unknown}
Potions
 b - 2 potions of magic
 c - 2 potions of ambrosia
 m - a potion of haste
 o - 3 potions of degeneration
 q - a potion of mutation
 r - 3 potions of curing
 t - a potion of flight
 w - a potion of cancellation {unknown}
 B - a potion of heal wounds {unknown}


   Skills:
 + Level 5.4 Dodging
 - Level 2.4 Stealth
 * Level 9.4 Spellcasting
 + Level 7.9 Conjurations
 + Level 2.3 Hexes


You had 18 spell levels left.
You knew the following spells:

 Your Spells              Type           Power      Damage    Failure   Level
a - Magic Dart            Conj           100%       1d8       1%          1
b - Searing Ray           Conj           100%       2d8       1%          2
c - Slow                  Hex            100%       N/A       1%          1
d - Dazzling Flash        Conj/Hex       100%       N/A       1%          3

Your spell library contained the following spells:

 Spells                   Type           Power      Damage    Failure   Level
 Necrotise                Necr           72%        1d7       4%          1
 Sting                    Tmut/Pois      72%        1d6       4%          1
 Confusing Touch          Hex            36%        N/A       5%          3
 Fulminant Prism          Conj/Hex       27%        3d14      6%          4
 Poisonous Vapours        Pois/Air       36%        N/A       8%          2
 Iskenderun's Mystic Bla  Conj/Tloc      49%        2d11      10%         4
 Vampiric Draining        Necr           18%        2d7       14%         3
 Olgreb's Toxic Radiance  Pois           18%        N/A       43%         4
 Agony                    Necr           18%        N/A       80%         5


Dungeon Overview and Level Annotations

Branches:
Dungeon (6/15)
 Temple: D:4-7

Altars:
Nemelex Xobeh
Wu Jian

Shops:
D:5 *

Annotations:
D:4 3 runed translucent doors, gabibbone's ghost, novice DsFi


Message History

The wight is moderately damaged. (Press . to maintain the ray.)
The searing ray hits the wight!
The wight is severely damaged.
The searing ray misses the wight.
The wight hits you with a +0 scimitar!
You feel drained.
The searing ray hits the wight!
You destroy the wight!
The searing ray hits the wight.
The wight is moderately damaged.
You finish channelling your searing ray.
Your life force feels restored.
Casting: Searing Ray (safe; 1% risk of failure)
Confirm with . or Enter, or press ? or * to list all spells.
You can't see any susceptible monsters within range! (Use Z to cast anyway.) Unknown command.
Casting: Searing Ray (safe; 1% risk of failure)
Confirm with . or Enter, or press ? or * to list all spells.
Aiming: Searing Ray (safe; 1% risk of failure)
Press: ? - help, Shift-Dir - straight line, f - wight
Aim: a wight, wielding a +1 hand axe and wearing a +0 robe (83% to hit)
You feel a surge of power!
The searing ray hits the wight!
The wight is severely damaged.
The searing ray hits the wight!
The wight is heavily damaged. (Press . to maintain the ray.)
The wight hits you with a +4 great sword!!
* * * LOW HITPOINT WARNING * * *
You feel drained.
* * * LOW HITPOINT WARNING * * *
Okay, then.
Okay, then.
Okay, then.
The searing ray hits the wight!
You destroy the wight!
The searing ray hits the wight.
The wight is almost destroyed.
Your life force feels restored.
The searing ray misses the wight.
The wight hits you with a +1 hand axe!
You die...

...................
....z.............
....z.z)zz........
##'######....####.
.. #....#..# .
#.)..'..# #.)..##.#
#.....#z###
#.....+@..#
#.....#...#
#..z..##### ..z....
........


You could see a wight.

Vanquished Creatures
  Prince Ribbit (D:5)
  An ice beast (D:5)
  An ogre (D:5)
  A necrophage (D:5)
  3 scorpions
  5 wights (D:6)
  2 hounds (D:5)
  2 jellies
  3 iguanas
  2 orc wizards
  4 gnolls (D:6)
  10 adders
  An ufetubus (D:4)
  3 worms
  3 dart slugs (D:5)
  8 orcs
  8 ball pythons
  8 endoplasms
  A giant cockroach (D:2)
  2 goblins
  7 hobgoblins
  7 bats
  4 frilled lizards
  7 kobolds
  4 rats
98 creatures vanquished.

Notes
Turn   | Place    | Note
-------+----------+-------------------------------------------
     0 | D:1      | DrillMeBaby the Deep Elf Conjurer began the quest for the
                  | Orb.
     0 | D:1      | Reached XP level 1. HP: 10/10 MP: 6/6
   412 | D:1      | Reached XP level 2. HP: 15/15 MP: 5/8
   588 | D:1      | Learned a level 2 spell: Searing Ray
   663 | D:1      | Reached skill level 5 in Conjurations
   879 | D:2      | Reached XP level 3. HP: 19/19 MP: 5/9
  1447 | D:2      | Reached XP level 4. HP: 24/24 MP: 9/11
  2063 | D:3      | Reached skill level 4 in Spellcasting
  2132 | D:3      | Found an ornate altar of the Wu Jian Council.
  2298 | D:3      | Reached XP level 5. HP: 28/28 MP: 8/14
  2726 | D:4      | Reached skill level 5 in Spellcasting
  3115 | D:4      | Found a runed translucent gate.
  3115 | D:4      | Found a runed translucent gate.
  3117 | D:4      | Found a runed translucent gate.
  3120 | D:4      | Noticed gabibbone's ghost (novice DsFi)
  3403 | D:5      | Entered Level 5 of the Dungeon
  3413 | D:5      | Noticed Prince Ribbit
  3422 | D:5      | Killed Prince Ribbit
  3423 | D:5      | Reached skill level 6 in Spellcasting
  3423 | D:5      | Reached XP level 6. HP: 13/32 MP: 7/17
  3530 | D:5      | Reached skill level 7 in Spellcasting
  3634 | D:5      | Reached XP level 7. HP: 36/36 MP: 11/19
  3845 | D:5      | Found a sparkling altar of Nemelex Xobeh.
  3866 | D:5      | Learned a level 1 spell: Slow
  4016 | D:5      | Reached skill level 8 in Spellcasting
  4062 | D:5      | Learned a level 3 spell: Dazzling Flash
  4153 | D:5      | Found Bonef's Gadget Gallery.
  4775 | D:6      | Reached skill level 5 in Dodging
  4775 | D:6      | Reached skill level 1 in Hexes
  4775 | D:6      | Reached XP level 8. HP: 41/41 MP: 16/22
  4811 | D:6      | Reached skill level 9 in Spellcasting
  4933 | D:6      | Mangled by a wight

Illustrated notes

Levels and vault maps discovered:
D:1:      pf_arrival_petrified_forest, layout_basic
D:2:      layout_rooms
D:3:      layout_basic, mainiacjoe_overflow_boulevard, serial_rivers,
          chequers_serial_rivers_small_3, chequers_serial_rivers_small_3,
          chequers_serial_rivers_large_a, chequers_serial_rivers_large_b
D:4:      layout_rooms, gammafunk_ghost_necromancy, minmay_splitting_lines
D:5:      layout_cave_pools, mainiacjoe_overflow_surrounded_room,
          nicolae_shop_gadgets, uniq_prince_ribbit1
D:6:      layout_gridville, hangedman_decor_lopped, roderic_lattice_a

Skill      XL: |  1  2  3  4  5  6  7  8 |
---------------+-------------------------+-----
Conjurations   | 5 6 7 |  7.9
Spellcasting   | 4 6 7 8 9 |  9.4
Dodging        | 3 5 |  5.4
Hexes          | 1 2 |  2.3
Stealth        | |  2.4

Action                   |  1- 3 |  4- 6 |  7- 9 || total
-------------------------+-------+-------+-------++-------
 Cast: Magic Dart        |    56 |    85 |    44 ||   185
       Searing Ray       |     2 |    10 |    19 ||    31
       Slow              |       |       |    16 ||    16
  Use: Scroll            |       |     6 |       ||     6
Armor: Robe              |       |     1 |     2 ||     3
Dodge: Dodged            |       |     5 |     4 ||     9

Table legend: (Time is in decaauts)
 A = Elapsed time spent in this place.
 B = Non-inter-level travel time spent in this place.
 C = Inter-level travel time spent in this place.
 D = Time resting spent in this place.
 E = Time spent auto-exploring this place.
 F = Levels seen in this place.
 G = Mean time per level.
                   A        B        C        D        E       F      G
               +--------+--------+--------+--------+--------+-----+--------+
         Total |   4930 |   4827 |    103 |    137 |   4119 |   6 |  821.7 |
       Dungeon |   4930 |   4827 |    103 |    137 |   4119 |   6 |  821.7 |
               +--------+--------+--------+--------+--------+-----+--------+

Top non-repeatable levels by time:
     D:3: 1013 daAuts
     D:5: 951 daAuts
     D:4: 897 daAuts
     D:1: 811 daAuts
     D:2: 751 daAuts
     D:6: 504 daAuts
